Map: Cactus Valley LE (Void)

Players

Shamanas - Winner!

  • Race: Terran Terran

PEEL

  • Race: Terran Terran

VOD

Have the link to the VOD?

Description

Time

  • Played on: May 2, 2015, 2:44 a.m.
  • Length: 18:55
Show
View Real Time Build Order
Export as new Build Order

Shamanas Terran - Winner!

Build Orders: Reaper Expand, Siege Tank Drop 

Get SALT Encoding   

  12  0:01  SCV  
  13  0:13  SCV  
  14  0:17  Supply Depot  
  14  0:25  SCV  
  15  0:39  SCV  
  15  0:40  Barracks  
  16  0:47  Refinery  
  16  0:51  SCV  
  17  1:03  SCV  
  18  1:15  SCV  
  19  1:28  Orbital Command  
  19  1:29  Reaper  
  20  1:44  Command Center  
  20  1:55  SCV  
  20  1:56  Supply Depot  
  21  2:02  Barracks Reactor  
  21  2:07  SCV  
  22  2:19  SCV  
  23  2:24  Factory  
  23  2:31  SCV  
  24  2:38  Marine  
  24  2:39  Marine  
  24  2:43  SCV  
  27  2:47  Missile Turret  
  27  2:49  Refinery  
  27  2:55  SCV  
  27  2:56  Marine  
  27  2:57  Marine  
  30  2:58  Missile Turret  
  30  3:02  Orbital Command  
  30  3:07  Factory Tech Lab  
  30  3:08  SCV  
  30  3:21  Marine x2  
  30  3:23  SCV  
  33  3:27  Cyclone  
  33  3:29  SCV  
  37  3:34  Supply Depot  
  37  3:35  SCV  
  37  3:39  Marine x2  
  37  3:41  SCV  
  41  3:43  Refinery  
  41  3:44  Refinery  
  41  3:51  Starport  
  41  3:56  SCV x2  
  41  3:57  Marine x2  
  45  4:03  Supply Depot  
  45  4:08  SCV x2  
  47  4:11  Siege Tank  
  47  4:15  Marine x2  
  52  4:26  SCV x2  
  52  4:29  Medivac  
  56  4:32  Marine  
  56  4:33  Marine  
  56  4:34  Supply Depot  
  58  4:39  SCV x2  
  60  4:53  Supply Depot, SCV  
  60  4:54  Marine  
  60  4:55  Marine  
  60  4:56  Siege Tank  
  60  4:59  SCV  
  67  5:05  SCV  
  67  5:07  Starport Tech Lab  
  67  5:09  Command Center  
  67  5:11  SCV  
  68  5:14  Supply Depot, Marine x2  
  68  5:17  SCV  
  68  5:21  Factory  
  71  5:33  SCV x2  
  71  5:35  Siege Tank  
  76  5:41  Banshee  
  78  5:43  Cloaking Field  
  78  5:45  SCV x2  
  80  6:03  SCV x2  
  82  6:15  SCV x2  
  84  6:22  Orbital Command  
  84  6:23  Armory  
  84  6:26  Armory, Hellion  
  84  6:27  Hellion, Viking, Siege Tank  
  84  6:32  SCV x2  
  95  6:36  Command Center  
  95  6:38  Refinery  
  95  6:45  Orbital Command  
  93  6:51  Hellion x2  
  92  6:56  Refinery  
  89  7:05  Refinery  
  89  7:07  SCV x2  
  89  7:19  SCV  
  79  7:35  SCV x2  
  59  7:45  SCV  
  59  7:47  SCV, Engineering Bay  
  59  7:50  SCV x2  
  59  7:51  Banshee, Hellion, Siege Tank, Hellbat  
  73  8:02  SCV x3  
  73  8:03  Terran Vehicle And Ship Armor Level 1, Terran Vehicle and Ship Weapons Level 1  
  76  8:11  Hellion  
  76  8:14  Refinery  
  76  8:15  Hellion  
  76  8:16  SCV x2, Factory x2, Refinery  
  76  8:17  Planetary Fortress, Factory  
  78  8:26  Hellbat x2  
  78  8:27  Siege Tank  
  85  8:38  Viking  
  85  8:40  SCV x2  
  89  8:43  Starport  
  88  8:50  Hellbat x2  
  88  8:55  SCV x2  
  92  9:02  Factory Reactor  
  90  9:04  Factory Tech Lab  
  90  9:05  Factory Reactor  
  90  9:06  Siege Tank  
  90  9:07  SCV x2  
  90  9:09  SCV  
  96  9:12  Supply Depot  
  96  9:18  Missile Turret  
  96  9:20  Banshee, Hellbat x2  
  96  9:21  Starport Reactor  
  96  9:22  Thor  
  109  9:34  SCV x3  
  109  9:35  SCV  
  109  9:38  Thor  
  119  9:42  Starport  
  119  9:44  Hellbat x2  
  123  9:46  Starport  
  123  9:53  Supply Depot x3  
  123  9:55  Hellbat  
  123  10:01  SCV  
  123  10:06  Hellion  
  124  10:07  Supply Depot  
  124  10:08  Supply Depot  
  124  10:09  Fusion Core  
  124  10:10  Supply Depot  
  124  10:14  Banshee  
  124  10:15  SCV x3, Hellbat x4  
  124  10:20  Starport Tech Lab  
  138  10:22  Thor  
  138  10:25  Hellbat  
  146  10:28  Thor  
  152  10:38  SCV x3, Terran Vehicle and Ship Weapons Level 2, Terran Vehicle And Ship Armor Level 2  
  152  10:41  Starport Tech Lab  
  155  10:43  Hellbat  
  157  10:53  Supply Depot  
  157  10:54  Supply Depot  
  157  10:55  Banshee  
  157  10:56  Supply Depot, Hyperflight Rotors  
  160  11:05  Thor  
  160  11:07  Hellbat x3  
  172  11:14  Supply Depot x2  
  172  11:15  Hellbat x2  
  171  11:30  Command Center  
  170  11:33  Viking x2  
  170  11:34  Viking  
  176  11:47  Hellbat x5  
  176  11:51  SCV x2  
  176  11:52  SCV  
  168  12:06  Viking x4  
  141  12:10  SCV  
  117  12:18  Hellbat  
  105  12:23  SCV x3  
  105  12:24  SCV  
  97  12:35  SCV x2  
  97  12:36  Banshee, Viking  
  104  12:44  SCV x3, Missile Turret  
  103  12:55  Hellbat  
  103  12:56  Hellbat x2  
  109  13:03  SCV x4  
  112  13:09  Starport Tech Lab  
  112  13:11  Thor  
  118  13:13  SCV  
  117  13:21  Siege Tank  
  117  13:25  Hellbat  
  105  13:30  Banshee x2  
  105  13:33  SCV  
  108  13:37  SCV  
  108  13:38  SCV x2  
  108  13:39  SCV  
  112  13:44  Raven  
  114  13:52  Hellbat x2  
  114  13:53  Siege Tank, Hellbat x2  
  114  13:54  SCV  
  126  14:11  Orbital Command  
  126  14:13  Banshee, Raven  
  127  14:23  Viking x2  
  131  14:26  Banshee  
  131  14:28  Thor  
  131  14:29  Hellbat  
  131  14:30  Hellbat  
  144  14:32  SCV  
  144  14:36  Terran Vehicle and Ship Weapons Level 3  
  145  14:39  SCV x2  
  145  14:41  SCV  
  145  14:42  SCV  
  149  14:49  Thor  
  155  14:56  Banshee  
  155  14:57  SCV x5  
  163  15:00  Banshee, Refinery  
  163  15:02  Refinery  
  166  15:09  SCV  
  167  15:16  Hellbat  
  167  15:17  Hellbat x5  
  167  15:20  Viking x2  
  164  15:40  Thor x2  
  152  15:49  Hellbat x5  
  157  16:01  Command Center  
  155  16:09  Banshee x3  
  155  16:10  Viking x2  
  162  16:12  Refinery  
  152  16:19  Hellbat x3  
  152  16:20  Hellbat  
  152  16:23  Thor  
  164  16:38  Refinery  
  164  16:42  Siege Tank  
  164  16:43  Hellbat x2  
  171  16:52  Banshee x2  
  173  17:01  Hellbat x4  
  163  17:05  Viking  
  163  17:06  Siege Tank  
  156  17:14  Thor  
  156  17:15  Orbital Command  
  156  17:17  Banshee, Viking  
  159  17:34  Viking  
  159  17:35  Hellbat x3  
  159  17:36  Hellbat x3  
  173  17:37  Thor  
  173  17:39  Banshee x2  
  185  17:56  Hellbat  
  185  17:59  Banshee  
  185  18:00  Thor  
  185  18:01  Hellbat x3  
  184  18:07  Viking x2  
  156  18:26  SCV  
  156  18:27  SCV x2  
  165  18:31  Hellbat x4  
Show
View Real Time Build Order
Export as new Build Order

PEEL Terran 

Build Orders: 1 Rax Expand, Mech 

Get SALT Encoding   

  12  0:01  SCV  
  13  0:14  SCV  
  13  0:19  Supply Depot  
  14  0:26  SCV  
  15  0:41  SCV  
  16  0:43  Barracks  
  16  0:49  Refinery  
  16  0:53  SCV  
  17  1:05  SCV  
  18  1:17  SCV  
  19  1:32  Supply Depot, Marine  
  21  1:34  Orbital Command  
  20  1:48  Command Center  
  20  1:51  Marine  
  21  2:02  Factory  
  21  2:06  SCV  
  22  2:13  Marine  
  23  2:18  SCV  
  24  2:34  Marine  
  24  2:35  SCV  
  26  2:49  Hellion, Starport  
  28  2:52  Marine  
  28  2:56  SCV  
  30  3:04  Orbital Command  
  30  3:11  Hellion, Refinery  
  30  3:12  Marine  
  33  3:14  SCV  
  34  3:22  Command Center  
  34  3:26  SCV  
  35  3:28  Medivac  
  35  3:33  Orbital Command  
  37  3:35  Factory Tech Lab  
  37  3:38  SCV  
  37  3:41  Barracks Reactor  
  38  3:48  Supply Depot  
  38  3:50  SCV  
  39  3:59  SCV  
  40  4:03  Factory Tech Lab  
  40  4:08  SCV  
  41  4:11  SCV  
  44  4:19  Marine x2  
  44  4:20  SCV  
  44  4:23  SCV  
  44  4:24  Refinery x2  
  48  4:30  Banshee, Cloaking Field  
  49  4:33  SCV  
  49  4:34  Missile Turret  
  49  4:35  SCV  
  49  4:36  Orbital Command  
  51  4:40  Marine  
  51  4:45  SCV  
  53  4:47  Missile Turret  
  53  4:50  SCV  
  53  4:51  Siege Tank  
  57  4:57  SCV  
  58  5:00  Factory  
  58  5:02  SCV  
  59  5:09  SCV x2  
  59  5:12  Factory  
  61  5:14  SCV, Barracks Tech Lab  
  61  5:18  Banshee  
  65  5:21  SCV x2  
  65  5:26  SCV  
  65  5:27  Bunker  
  68  5:33  SCV  
  69  5:36  Supply Depot  
  69  5:37  Siege Tank  
  62  6:08  SCV x3  
  62  6:10  Factory  
  65  6:12  Starport Reactor  
  65  6:17  Hellion, Siege Tank x2  
  65  6:18  Hellion  
  75  6:19  Supply Depot x2  
  75  6:20  SCV  
  69  6:40  Hellion x2  
  69  6:46  Command Center  
  73  6:49  Siege Tank x2  
  73  6:51  Orbital Command  
  76  6:55  Siege Tank  
  76  6:58  Supply Depot  
  78  7:06  Viking  
  78  7:12  Viking  
  80  7:18  SCV  
  75  7:31  SCV  
  70  7:40  Siege Tank  
  70  7:41  Siege Tank  
  70  7:43  SCV x3  
  76  7:48  Hellion x2  
  76  7:51  Supply Depot  
  79  7:54  Refinery x2  
  79  7:55  SCV x3  
  79  7:58  Refinery  
  82  8:01  Supply Depot  
  82  8:05  Orbital Command  
  82  8:06  Viking  
  82  8:07  SCV, Viking  
  87  8:17  Hellion x2, Siege Tank  
  94  8:20  SCV x2  
  94  8:21  SCV  
  94  8:24  Supply Depot  
  97  8:32  Command Center, SCV  
  98  8:36  Command Center  
  98  8:37  Siege Tank x2  
  104  8:44  Armory  
  104  8:51  Armory  
  100  9:03  Siege Tank  
  100  9:09  SCV x3  
  106  9:11  Siege Tank  
  106  9:14  Siege Tank  
  106  9:16  Supply Depot  
  112  9:18  Command Center, Supply Depot  
  112  9:22  Medivac  
  114  9:28  Medivac  
  116  9:40  Hellion x3  
  116  9:44  Hellion  
  124  9:46  Hellion  
  126  9:53  Orbital Command  
  126  10:03  Siege Tank  
  126  10:04  Hellion  
  126  10:05  Hellion, Viking x2, Siege Tank  
  140  10:23  SCV x2  
  140  10:26  Hellion x7, Orbital Command  
  140  10:27  Hellion  
  142  10:32  Terran Vehicle and Ship Weapons Level 1  
  142  10:33  Terran Vehicle And Ship Armor Level 1  
  142  10:34  Supply Depot  
  142  10:38  Command Center  
  142  10:42  Viking x2  
  144  10:43  Siege Tank x2  
  144  10:44  Siege Tank  
  144  10:45  Hellbat x2  
  159  11:06  SCV x4, Refinery x2  
  159  11:10  Orbital Command  
  163  11:17  SCV  
  163  11:18  SCV, Engineering Bay, Orbital Command  
  165  11:25  Siege Tank x3  
  171  11:26  Viking, Hellbat x2  
  178  11:57  Siege Tank  
  142  12:19  Siege Tank x2  
  142  12:20  Viking x2  
  142  12:21  Hellbat x2  
  149  12:27  Factory, Orbital Command  
  149  12:29  Factory, Siege Tank  
  149  12:31  Factory, Refinery  
  143  12:47  Hellion x2  
  143  12:50  Viking x2  
  145  12:59  Starport  
  145  13:04  Starport, Fusion Core  
  145  13:15  Factory Tech Lab, Orbital Command  
  145  13:16  Factory Tech Lab  
  138  13:24  Command Center  
  117  13:31  Thor x3  
  117  13:32  Viking x2  
  139  13:36  Factory Tech Lab  
  139  13:47  Hellbat x2  
  143  13:48  Starport Tech Lab  
  130  14:10  Refinery x2  
  130  14:15  Missile Turret  
  126  14:19  Siege Tank  
  126  14:20  Siege Tank x4  
  126  14:21  Viking  
  140  14:34  Terran Vehicle and Ship Weapons Level 2  
  140  14:39  Terran Vehicle And Ship Armor Level 2  
  140  14:47  Planetary Fortress  
  140  14:52  Missile Turret  
  140  15:02  Starport Reactor  
  140  15:06  Viking  
  140  15:07  Viking x2  
  144  15:08  Siege Tank, Hellbat  
  144  15:09  Hellbat x6  
  163  15:15  Missile Turret  
  163  15:23  Starport  
  163  15:26  Starport x2  
  137  15:43  Viking x3  
  137  15:45  Command Center  
  131  15:50  Thor x2  
  143  16:12  Refinery  
  128  16:20  Viking  
  128  16:21  Viking x6  
  128  16:23  Siege Tank  
  128  16:24  Hellbat  
  129  16:36  Refinery  
  129  16:39  Thor  
  135  16:51  Viking x2  
  131  17:05  Viking x4  
  131  17:06  Viking x2  
  131  17:21  Planetary Fortress  
  129  17:30  Siege Tank  
  132  17:39  Command Center  
  132  17:45  Siege Tank  
  132  17:46  Siege Tank, Hellbat  
  126  18:12  Siege Tank x3  
  118  18:13  Viking x3  
  95  18:40  Refinery  
  103  18:44  Refinery  
Tags
 
Add a new tag
Caveats
  • Supply blocks, unpowered buildings, or Contaminate may cause inaccurate times.
  • Supply counts are checked every 10 seconds.